 Dungeon Crawl Stone Soup version 0.26.1-2-gb8aa6d0cf2 (webtiles) character file.

Game seed: 9607984476372679114

1668 Marvel the Basher (level 8, -1/78 HPs)
             Began as a Troll Berserker on Mar 5, 2021.
             Was a Priest of Trog.
             Slain by Maggie
             ... wielding a +1 vorpal halberd
              (3 damage)
             ... on level 6 of the Dungeon.
             The game lasted 00:12:32 (4916 turns).

Marvel the Basher (Troll Berserker)                 Turns: 4916, Time: 00:12:33

Health: -1/78      AC:  8    Str: 28    XL:     8   Next: 69%
Magic:  7/7        EV: 11    Int:  3    God:    Trog [***...]
Gold:   110        SH:  0    Dex:  9    Spells: 7/7 levels left

rFire    . . .     SeeInvis .   q - +1 giant spiked club
rCold    . . .     Faith    .   (shield currently unavailable)
rNeg     . . .     Spirit   .   r - +0 troll leather armour {Purgy}
rPois    .         Reflect  .   (helmet restricted)
rElec    .         Harm     .   (no cloak)
rCorr    .         Rampage  .   (gloves unavailable)
Will     .....                  (boots unavailable)
Stlth    +.........             v - amulet of magic regeneration
HPRegen  1.03/turn              (no ring)
MPRegen  0.35/turn              (no ring)

@: mesmerised
A: large, unfitting armour, claws 3, regeneration 1, shaggy fur 1, tough skin 3
a: Renounce Religion, Berserk, Trog's Hand


You were on level 6 of the Dungeon.
You worshipped Trog.
Trog was most pleased with you.
You visited 1 branch of the dungeon, and saw 6 of its levels.
You also visited: Sewer.

You collected 332 gold pieces.
You spent 222 gold pieces at shops.

Inventory:

Hand Weapons
 a - a +0 mace
 q - a +1 giant spiked club (weapon)
 w - a +0 flail of flaming
 y - a +2 vorpal shortbow
Missiles
 z - 16 arrows
Armour
 b - a +0 animal skin
 r - a +0 troll leather armour (worn) {Purgy}
Jewellery
 m - an uncursed ring of willpower
 v - an amulet of magic regeneration (around neck)
Scrolls
 c - 7 scrolls of remove curse
 d - a scroll of fog {unknown}
 f - a scroll of amnesia {unknown}
 h - 2 scrolls of magic mapping
 j - 7 scrolls of identify
 k - 5 scrolls of fear
 l - 6 scrolls of teleportation
 n - a scroll of immolation
Potions
 e - a potion of invisibility {unknown}
 g - a potion of mutation {unknown}
 i - 2 potions of brilliance {unknown}
 o - 2 potions of magic {unknown}
 p - a potion of cancellation {unknown}
 s - a potion of might {unknown}
 t - 2 potions of flight {unknown}
 u - 5 potions of heal wounds {unknown}
 x - a potion of lignification {unknown}


   Skills:
 - Level 4.0 Fighting
 + Level 8.9 Maces & Flails
 - Level 0.9 Armour
 - Level 4.0 Dodging
 - Level 1.1 Stealth


You had 7 spell levels left.
You didn't know any spells.
Your spell library was empty.

Dungeon Overview and Level Annotations

Branches:
Dungeon (6/15)              Sewer (visited)
 Temple: D:4-7

Altars:
Ashenzari
Elyvilon
Fedhas
Okawaru
Sif Muna
Trog
Zin

Shops:
D:5 ?

Annotations:
D:4 2 transporters, pablusdiablus's ghost, amateur MiBe
D:6 Maggie


Innate Abilities, Weirdness & Mutations

You are too large for most types of armour.
You have claws for hands.
Your natural rate of healing is unusually fast.
You are covered in fur. (AC +1)
You have extremely tough skin. (AC +3)


Message History

The centaur hits you but does no damage.
The orc misses you.
Maggie hits you with a +1 vorpal halberd.
The centaur barely misses you.
You hit Maggie but do no damage.
Maggie is lightly wounded.
The orc hits you with a +0 flail.
The centaur hits you but does no damage.
Maggie practices a pose.
Maggie hits you with a +1 vorpal halberd!
* * * LOW HITPOINT WARNING * * *
x2 You barely miss Maggie.
Maggie is lightly wounded.
The centaur completely misses you. The orc hits you with a +0 flail.
* * * LOW HITPOINT WARNING * * *
The centaur hits you.
* * * LOW HITPOINT WARNING * * *
Maggie hits you with a +1 vorpal halberd!
* * * LOW HITPOINT WARNING * * *
You die...

. ....#(..#..###...#
.......$.......<.....#
.....###......<..[...#
.....#.#.....(#...#.##
.............##..##
.....#...(?.# .##
#....(...## ..
.#####.o....##..$
......@@c.......##
............#...#
............##..#
..(......#..# ...
..!......#.## ..
.......##... ......>
.... ....... .# ..


You could see Maggie (mesmerising), a centaur and an orc.

Vanquished Creatures
  Grinder (D:3)
  Sigmund (D:2)
  An orc warrior (D:3)
  Purgy (Sewer)
  An ice beast (D:6)
  2 sky beasts (D:5)
  An ogre (D:4)
  A phantom (D:5)
  2 centaurs
  A big kobold (D:4)
  2 bullfrog zombies (D:5)
  An orc wizard (D:5)
  A jelly (D:6)
  A centaur skeleton (D:4)
  An orc priest (D:3)
  2 worker ants
  A hound skeleton (D:5)
  4 gnolls
  A howler monkey skeleton (D:5)
  4 adders
  A white imp (D:5)
  An ooze (D:1)
  6 worms
  A dart slug (D:2)
  5 leopard geckos
  9 orcs
  4 ball pythons
  6 giant cockroaches
  4 goblins
  3 hobgoblins
  4 jackals
  A quokka (D:4)
  4 bats
  9 frilled lizards
  A giant cockroach zombie (D:5)
  5 kobolds
  A leopard gecko zombie (D:5)
  A quokka skeleton (D:4)
  11 rats
107 creatures vanquished.

Notes
Turn   | Place    | Note
-------+----------+-------------------------------------------
     0 | D:1      | Marvel the Troll Berserker began the quest for the Orb.
     0 | D:1      | Reached XP level 1. HP: 22/22 MP: 0/0
   407 | D:1      | Reached XP level 2. HP: 19/29 MP: 1/1
   451 | D:1      | Reached skill level 3 in Maces & Flails
   901 | D:2      | Noticed Sigmund
   917 | D:1      | Reached XP level 3. HP: 22/36 MP: 2/2
  1155 | D:2      | Killed Sigmund
  1155 | D:2      | Reached ** piety under Trog
  1156 | D:2      | Reached skill level 4 in Maces & Flails
  1156 | D:2      | Reached XP level 4. HP: 45/45 MP: 3/3
  1156 | D:2      | Reached XP level 5. HP: 53/53 MP: 4/4
  1931 | D:3      | Noticed Grinder
  1954 | D:3      | Killed Grinder
  1955 | D:3      | Reached skill level 5 in Maces & Flails
  1955 | D:3      | Reached skill level 1 in Stealth
  1955 | D:3      | Reached XP level 6. HP: 12/62 MP: 5/5
  2538 | D:4      | Reached XP level 7. HP: 41/68 MP: 6/6
  2657 | D:4      | Found a glowing drain.
  2666 | Sewer    | Entered a sewer
  2679 | Sewer    | Noticed Purgy
  2713 | Sewer    | Killed Purgy
  3064 | D:4      | Found a white marble altar of Elyvilon.
  3267 | D:4      | Found a broken altar of Ashenzari.
  3349 | D:4      | Found a glowing silver altar of Zin.
  3402 | D:4      | Found a transporter.
  3404 | D:4      | Noticed pablusdiablus's ghost (amateur MiBe)
  3405 | D:4      | Found a transporter.
  3455 | D:3      | Reached skill level 6 in Maces & Flails
  3520 | D:4      | Reached *** piety under Trog
  3729 | D:5      | Entered Level 5 of the Dungeon
  3729 | D:5      | Found an iron altar of Okawaru.
  3762 | D:5      | Found a bloodstained altar of Trog.
  4007 | D:5      | Found a shimmering blue altar of Sif Muna.
  4113 | D:5      | Found a blossoming altar of Fedhas.
  4127 | D:5      | Reached skill level 7 in Maces & Flails
  4127 | D:5      | Reached XP level 8. HP: 53/78 MP: 7/7
  4289 | D:5      | Found Fausm's Magic Scroll Boutique.
  4297 | D:5      | Bought a scroll of magic mapping for 42 gold pieces
  4297 | D:5      | Bought a scroll of identify for 24 gold pieces
  4297 | D:5      | Bought a scroll of remove curse for 36 gold pieces
  4297 | D:5      | Bought a scroll of teleportation for 36 gold pieces
  4297 | D:5      | Bought 2 scrolls of fear for 84 gold pieces
  4587 | D:5      | Reached skill level 8 in Maces & Flails
  4799 | D:5      | Identified Sif Muna's Grimoire of Toxins
  4902 | D:6      | Noticed Maggie
  4916 | D:6      | HP: 2/78 [Maggie/+1 vorpal halberd (8)]
  4916 | D:6      | Slain by Maggie

Illustrated notes

Levels and vault maps discovered:
D:1:      dpeg_arrival_castle, layout_loops_ring
D:2:      layout_basic, minmay_misc_feat_alley, chequers_serial_rivers_large_a,
          uniq_sigmund
D:3:      layout_basic, uniq_grinder
D:4:      layout_gridville, kennysheep_mini_moat, lemuel_round_altar,
          zin_statuary, gammafunk_ghost_smash, portal_sewer_entry_e
D:5:      minmay_bubble_buster, layout_loops_ring,
          nzn_overflow_gifts_of_might_and_magic, fedhas_altar_4,
          okawaru_trees_1, serial_shops, shop
D:6:      layout_cave_pools, kennysheep_path_1, uniq_maggie, uniq_menkaure

Skill      XL: |  1  2  3  4  5  6  7  8 |
---------------+-------------------------+-----
Maces & Flails | 3 4 5 7 8 |  8.9
Fighting       | 3 4 |  4.0
Dodging        | 3 4 |  4.0
Stealth        | 1 |  1.1
Armour         | |  0.9

Action                   |  1- 3 |  4- 6 |  7- 9 || total
-------------------------+-------+-------+-------++-------
Melee: Mace              |    94 |   141 |       ||   235
       Giant spiked club |       |       |   286 ||   286
       Flail             |       |       |    18 ||    18
Invok: Berserk           |     1 |     1 |     1 ||     3
  Use: Scroll            |       |       |     3 ||     3
 Stab: Sleeping          |     2 |       |       ||     2
       Distracted        |       |     1 |       ||     1
Armor: Animal skin       |    43 |    37 |    80 ||   160
       Troll leather arm |       |       |   109 ||   109
Dodge: Dodged            |    70 |    82 |   301 ||   453
